[Event "*** Titled Tuesday Blitz"]
[Site "Chess.com"]
[Date "2020.05.12"]
[Round "6"]
[White "KarstenHansch"]
[Black "CyberneticLion"]
[Result "1-0"]
[WhiteElo "2372"]
[BlackElo "2529"]
[TimeControl "180+1"]
[EndTime "11:02:30 PDT"]
[Termination "KarstenHansch won by resignation"]

1. e4 e5 2. Nf3 Nc6 3. Bb5 Nge7 4. c3 g6 5. d4 exd4 6. cxd4 a6 7. Bc4 Bg7 8. O-O b5 9. Bb3 O-O 10. Nc3 Na5 11.
Bc2 d6 12. h3 c5 13. dxc5 dxc5 14. Qxd8 Rxd8 15. Bg5 f6 16. Be3 Nb7 17. a4 b4 18.
Bb3+ Kf8 19. Nd5 Na5 20. Bxc5 Nxb3 21. Bxe7+ Ke8 22. Bxd8 Nxa1 23. Bb6 Rb8 24. Rxa1 Be6 25. Nc7+ Kd7 26. Nxe6 Rxb6 27. Nxg7 1-0

[Event "*** Titled Tuesday Blitz"]
[Site "Chess.com"]
[Date "2020.05.12"]
[Round "6"]
[White "Srisshhhtea"]
[Black "SharapovEvgeny"]
[Result "1-0"]
[WhiteElo "2139"]
[BlackElo "2358"]
[TimeControl "180+1"]
[EndTime "11:02:31 PDT"]
[Termination "Srisshhhtea won by resignation"]

1. d4 d5 2. c4 c6 3. Nc3 Nf6 4. Nf3 e6 5. e3 Be7 6. Bd3 O-O 7. O-O Nbd7 8. Qe2 dxc4 9. Bxc4 b5 10. Bd3 Bb7 11. a3 a5 12. b3 b4 13. Na4 c5 14.
axb4 axb4 15. Bb2 cxd4 16. Nxd4 Ne5 17. Bb5 Qd5 18. f4 Nc6 19. Nb6 Nxd4 20. Bxd4 Qxb3 21. Nxa8 Bxa8 22. Bc4 1-0

[Event "*** Titled Tuesday Blitz"]
[Site "Chess.com"]
[Date "2020.05.12"]
[Round "6"]
[White "gui_borba"]
[Black "Gurvich_Vitaly"]
[Result "0-1"]
[WhiteElo "2331"]
[BlackElo "2558"]
[TimeControl "180+1"]
[EndTime "11:02:32 PDT"]
[Termination "Gurvich_Vitaly won by resignation"]

1. d4 d5 2. Bf4 c5 3. e3 cxd4 4. exd4 Nc6 5. c3 Bf5 6. Nf3 e6 7. Qb3 Qd7 8. Bb5 Bd6 9. Ne5 Bxe5 10. Bxe5 f6 11. Bg3 Nh6 12. Nd2 O-O 13. O-O a6 14. Be2 Rad8 15. Rfe1 e5 16. dxe5 fxe5 17. Rad1 Be6 18.
Qa3 Nf5 19. Nf3 e4 20. Ne5 Nxe5 21. Bxe5 Nh4 22. Bg3 Ng6 23. Bf1 h5 24. c4 h4 25.
cxd5 Bxd5 26. Bc4 hxg3 27. hxg3 Qf7 28. Rxd5 Rxd5 29. Qb3 Qxf2+ 30. Kh2 Qxe1 31. Bxd5+ Kh7 32. Qb4 Qxb4 0-1

[Event "*** Titled Tuesday Blitz"]
[Site "Chess.com"]
[Date "2020.05.12"]
[Round "6"]
[White "Aygehovit1992"]
[Black "26andrej26"]
[Result "1-0"]
[WhiteElo "2684"]
[BlackElo "2475"]
[TimeControl "180+1"]
[EndTime "11:02:43 PDT"]
[Termination "Aygehovit1992 won by resignation"]

1. e4 c5 2. Nf3 d6 3. d4 cxd4 4. Nxd4 Nf6 5. Nc3 a6 6. Bg5 Nbd7 7. Qe2 h6 8. Bxf6 Nxf6 9. O-O-O e5 10. Nf5 g6 11.
Ne3 Be6 12. h4 h5 13. g3 b5 14. Bh3 Bxh3 15. Rxh3 Rc8 16. Ned5 Nd7 17. f4 Bg7 18. f5 O-O 19. g4 hxg4 20. Qxg4 Nf6 21. Nxf6+ Qxf6 22. Nd5 Qd8 23. h5 gxf5 24. exf5 Kh7 25. h6 Bf6 26. Rg1 Rc4 27. Qg7+ Bxg7 1-0

[Event "*** Titled Tuesday Blitz"]
[Site "Chess.com"]
[Date "2020.05.12"]
[Round "6"]
[White "AliKa2810"]
[Black "rynos0411"]
[Result "1-0"]
[WhiteElo "2532"]
[BlackElo "2326"]
[TimeControl "180+1"]
[EndTime "11:02:48 PDT"]
[Termination "AliKa2810 won by resignation"]

1. d4 Nf6 2. c4 e6 3. Nf3 d5 4. Nc3 Be7 5. Bf4 O-O 6. e3 Nbd7 7. c5 c6 8. Bd3 b6 9. b4 a5 10.
a3 Bb7 11. O-O Qc8 12. h3 Ba6 13. g4 Bxd3 14. Qxd3 Qa6 15. Qxa6 Rxa6 16. b5 cxb5 17. c6 Nb8 18. c7 Nbd7 19. Nxb5 Rc8 20. Rfc1 Ne4 21.
Rc6 h6 22. Kg2 Kh7 23. Rac1 Bxa3 24. Nxa3 1-0

[Event "*** Titled Tuesday Blitz"]
[Site "Chess.com"]
[Date "2020.05.12"]
[Round "6"]
[White "Grandelicious"]
[Black "adriangschnitzer"]
[Result "1-0"]
[WhiteElo "2736"]
[BlackElo "2498"]
[TimeControl "180+1"]
[EndTime "11:02:49 PDT"]
[Termination "Grandelicious won by resignation"]

1. Nf3 Nf6 2. d4 d5 3. c3 c5 4.
dxc5 a5 5. Be3 g6 6. Nbd2 Bg7 7. a4 O-O 8. Nb3 Re8 9. g3 Ng4 10. Bd2 e5 11. h3 e4 12. hxg4 exf3 13. Be3 Bxg4 14.
exf3 Be6 15. Bb5 Nc6 16. Qd2 Qf6 17. f4 Rad8 18. O-O-O Re7 19. Bxc6 bxc6 20. Bd4 Qf5 21. Bxg7 Kxg7 22. Nd4 Qe4 23. f3 1-0

[Event "*** Titled Tuesday Blitz"]
[Site "Chess.com"]
[Date "2020.05.12"]
[Round "6"]
[White "Oglob71"]
[Black "Ladislav1969"]
[Result "0-1"]
[WhiteElo "2495"]
[BlackElo "2358"]
[TimeControl "180+1"]
[EndTime "11:03:01 PDT"]
[Termination "Ladislav1969 won by resignation"]

1. Nf3 Nf6 2. c4 c5 3. Nc3 g6 4. g3 Bg7 5. Bg2 Nc6 6. O-O O-O 7. d4 cxd4 8. Nxd4 Nxd4 9. Qxd4 d6 10. Qh4 Qc7 11. Bg5 Be6 12. Nd5 Bxd5 13. cxd5 Rac8 14. Rac1 Qa5 15. a3 Nxd5 16. Bxd5 Qxd5 17. Bxe7 Rxc1 18. Rxc1 Re8 19. Bf6 Qd2 20. Rc7 Qxe2 21. Bxg7 Kxg7 22. Qd4+ Kg8 23. Rxb7 Qf3 24. Qd2 Qxb7 0-1

[Event "*** Titled Tuesday Blitz"]
[Site "Chess.com"]
[Date "2020.05.12"]
[Round "6"]
[White "ChessTraining77"]
[Black "ManuDavid2910"]
[Result "1-0"]
[WhiteElo "2553"]
[BlackElo "2696"]
[TimeControl "180+1"]
[EndTime "11:03:04 PDT"]
[Termination "ChessTraining77 won by resignation"]

1. e4 c5 2. Nf3 Nc6 3. Bb5 e6 4. Bxc6 bxc6 5. d3 d5 6. Qe2 Ba6 7. c4 Nf6 8. e5 Nd7 9. Nc3 Qa5 10. O-O Nb6 11. Bd2 dxc4 12. Qe4 Nd7 13. dxc4 Qc7 14.
b3 Be7 15. Rfe1 O-O 16. Bg5 Rfe8 17. Bxe7 Rxe7 18. Rad1 Rae8 19. Rd6 Bb7 20. Red1 h6 21. Qd3 Nf8 22. Ne4 Qa5 23. Qd2 Qa3 24. Nf6+ gxf6 25.
exf6 Ng6 26. Qxh6 1-0

[Event "*** Titled Tuesday Blitz"]
[Site "Chess.com"]
[Date "2020.05.12"]
[Round "6"]
[White "reniite"]
[Black "pedroholly22"]
[Result "0-1"]
[WhiteElo "1944"]
[BlackElo "2454"]
[TimeControl "180+1"]
[EndTime "11:03:05 PDT"]
[Termination "pedroholly22 won by resignation"]

1. e4 a6 2. d4 d6 3. Nc3 g6 4. f4 Bg7 5. Nf3 Nf6 6. Bd3 O-O 7.
e5 dxe5 8. fxe5 Nd5 9. Ne4 Nb4 10. Bc4 Bf5 11. Qe2 b5 12. Bb3 N8c6 13. c3 Nd5 14. h3 Na5 15. Bc2 Rc8 16. g4 Bxe4 17. Bxe4 c5 18. a4 Nb3 19. Rb1 cxd4 20. axb5 dxc3 21. Bxd5 Qxd5 22. bxc3 Rxc3 23. O-O axb5 24. Ba3 Nd4 25.
Nxd4 Qxd4+ 26. Qf2 Qxf2+ 0-1

[Event "*** Titled Tuesday Blitz"]
[Site "Chess.com"]
[Date "2020.05.12"]
[Round "6"]
[White "Blitzking642"]
[Black "Klavdia_Nik"]
[Result "0-1"]
[WhiteElo "2251"]
[BlackElo "2088"]
[TimeControl "180+1"]
[EndTime "11:03:05 PDT"]
[Termination "Klavdia_Nik won by resignation"]

1. d4 Nf6 2. c4 c5 3. d5 b5 4. cxb5 a6 5. e3 axb5 6. Bxb5 Qa5+ 7. Nc3 Ba6 8. Bxa6 Nxa6 9. Ne2 d6 10. O-O g6 11. e4 Nd7 12. Bg5 h6 13. Bh4 Bg7 14.
Qd2 Qb4 15. Rab1 Nf6 16. Rfe1 O-O 17. b3 Nc7 18. Bg3 Nh5 19. Rec1 Nxg3 20. hxg3 Nb5 21.
Nxb5 Qxd2 0-1

[Event "*** Titled Tuesday Blitz"]
[Site "Chess.com"]
[Date "2020.05.12"]
[Round "6"]
[White "AsselLesbekova"]
[Black "earling8018"]
[Result "1-0"]
[WhiteElo "2258"]
[BlackElo "2025"]
[TimeControl "180+1"]
[EndTime "11:03:07 PDT"]
[Termination "AsselLesbekova won by checkmate"]

1. e4 e5 2. Nf3 Nc6 3. d4 exd4 4. Nxd4 d5 5. Bb5 dxe4 6. Nxc6 Qxd1+ 7. Kxd1 a6 8. Nd4+ axb5 9. Nxb5 Kd8 10. Bf4 c6 11.
Nd4 Ne7 12. Nc3 f5 13. Ke2 Nd5 14. Nxd5 cxd5 15. Rhd1 Bd7 16. Nxf5 Bc6 17. c4 g6 18. Ne3 Bg7 19. Nxd5 Bxd5 20. Rxd5+ Kc8 21. Rad1 Rxa2 22.
Rc5# 1-0

[Event "*** Titled Tuesday Blitz"]
[Site "Chess.com"]
[Date "2020.05.12"]
[Round "6"]
[White "GeorgMeier"]
[Black "kasparicy"]
[Result "1-0"]
[WhiteElo "3008"]
[BlackElo "2325"]
[TimeControl "180+1"]
[EndTime "11:03:11 PDT"]
[Termination "GeorgMeier won by resignation"]

1. Nf3 Nf6 2. d4 g6 3. Bg5 Bg7 4. Nbd2 d5 5. e3 O-O 6. h3 c5 7.
c3 Nc6 8. Bb5 Re8 9. O-O a6 10.
Bxc6 bxc6 11. Nb3 c4 12. Nc5 Nd7 13. Nxd7 Bxd7 14. b3 cxb3 15. axb3 c5 16. dxc5 Bb5 17. Re1 Bxc3 18. Nd4 Bxe1 19. Qxe1 Qc7 20. Rc1 e5 21.
Nf3 Kg7 22. Nd2 f6 23. Bh4 a5 24. Bg3 Qc6 25. f4 Rad8 26. fxe5 fxe5 27. Nf3 Qf6 28.
Qxa5 Be2 29. Qc7+ Qf7 30. Bxe5+ Kg8 31. Nd4 Qxc7 32. Bxc7 Rc8 33. Bf4 Kg7 34. c6 h6 35.
h4 Kf6 36. Nxe2 1-0

[Event "*** Titled Tuesday Blitz"]
[Site "Chess.com"]
[Date "2020.05.12"]
[Round "6"]
[White "Chichin_chao"]
[Black "Skatchkov_V"]
[Result "0-1"]
[WhiteElo "2363"]
[BlackElo "2556"]
[TimeControl "180+1"]
[EndTime "11:03:12 PDT"]
[Termination "Skatchkov_V won by resignation"]

1. e4 e5 2. Nf3 Nf6 3. Nxe5 d6 4. Nf3 Nxe4 5. Nc3 Nxc3 6. dxc3 Be7 7. Be3 O-O 8. Qd2 Nd7 9. Be2 Nf6 10. O-O-O c5 11. h3 Qa5 12. Kb1 Be6 13. c4 Qa6 14. b3 Ne4 15. Qe1 Bf6 16. Rd3 b5 17. cxb5 Qxb5 18.
Nd2 Nc3+ 19. Rxc3 Qb4 20. Rd3 Bf5 21. Rxd6 Qc3 22. Rxf6 Bxc2+ 23. Kc1 Bd3+ 0-1

[Event "*** Titled Tuesday Blitz"]
[Site "Chess.com"]
[Date "2020.05.12"]
[Round "6"]
[White "DanilNajdin"]
[Black "Vamostodorecto"]
[Result "0-1"]
[WhiteElo "2282"]
[BlackElo "2448"]
[TimeControl "180+1"]
[EndTime "11:03:12 PDT"]
[Termination "Vamostodorecto won by resignation"]

1. d4 Nf6 2. g3 g6 3. Bg2 Bg7 4. e4 O-O 5. Nc3 c6 6. Nf3 d5 7. e5 Ne8 8. O-O f6 9. exf6 exf6 10. Bf4 Bg4 11. h3 Bf5 12. g4 Be6 13. Re1 Bf7 14. a4 Nd6 15. a5 Na6 16. Bf1 Qd7 17.
Bxa6 bxa6 18. Na4 Ne4 19. Nc5 Qc8 20. Nxe4 dxe4 21. Rxe4 f5 22. gxf5 Qxf5 23. Bd6 Qxe4 24. Bxf8 Rxf8 25. Ra3 Bd5 26. Re3 Qf4 0-1

[Event "*** Titled Tuesday Blitz"]
[Site "Chess.com"]
[Date "2020.05.12"]
[Round "6"]
[White "GMaka"]
[Black "AndrewMaco"]
[Result "0-1"]
[WhiteElo "2366"]
[BlackElo "2559"]
[TimeControl "180+1"]
[EndTime "11:03:19 PDT"]
[Termination "AndrewMaco won by resignation"]

1. d4 Nf6 2. Bf4 e6 3. c3 b6 4. e3 Bb7 5. a4 a6 6. Nf3 g6 7. h3 Bg7 8. b4 O-O 9. a5 b5 10. Nbd2 d6 11. Nb3 Nbd7 12. Bh2 Qe7 13. Be2 Nd5 14.
Qd2 f5 15. O-O N7f6 16. Qb2 Ne4 17. Rac1 f4 18. exf4 Nxf4 19. Bxf4 Rxf4 20. Nbd2 Raf8 21. Nxe4 Bxe4 22. Nd2 Bxg2 23. Kxg2 Qg5+ 24. Bg4 Rxg4+ 25. hxg4 Qxg4+ 26. Kh2 Rf5 0-1

[Event "*** Titled Tuesday Blitz"]
[Site "Chess.com"]
[Date "2020.05.12"]
[Round "6"]
[White "Ariadna_Atreides"]
[Black "bupunsu01"]
[Result "1-0"]
[WhiteElo "2081"]
[BlackElo "2267"]
[TimeControl "180+1"]
[EndTime "11:03:23 PDT"]
[Termination "Ariadna_Atreides won by resignation"]

1. d4 Nf6 2. Nf3 b6 3. e3 Bb7 4. Bd3 e6 5. O-O Be7 6. b3 O-O 7.
Bb2 d6 8. c4 Nbd7 9. Nbd2 c5 10. Rc1 Rc8 11. Bb1 Re8 12. e4 Qc7 13. d5 e5 14. Ne1 Rf8 15. Nd3 a6 16. a4 Rb8 17. f4 exf4 18. Rxf4 Ne5 19. Nxe5 dxe5 20. Rh4 Nxd5 21. exd5 Bxh4 22. Qh5 g6 23. Qxh4 Rbe8 24.
Ne4 f5 25. Nf6+ 1-0

[Event "*** Titled Tuesday Blitz"]
[Site "Chess.com"]
[Date "2020.05.12"]
[Round "6"]
[White "m_ezat"]
[Black "Gordima"]
[Result "0-1"]
[WhiteElo "2604"]
[BlackElo "2775"]
[TimeControl "180+1"]
[EndTime "11:03:24 PDT"]
[Termination "Gordima won by resignation"]

1. d4 d5 2. c4 e6 3. Nc3 Bb4 4. e3 Nf6 5. a3 Bxc3+ 6. bxc3 c6 7. cxd5 cxd5 8. f3 b6 9. Bd3 O-O 10. Ne2 Ba6 11. O-O Bxd3 12. Qxd3 Nc6 13. e4 Ne8 14. e5 Na5 15. f4 f5 16. exf6 Qxf6 17.
f5 Nd6 18. Ng3 Nxf5 19. Nxf5 exf5 20. Bf4 Nc4 21. Rae1 Rae8 22. Qg3 Re4 23. Bg5 Qd6 24. Bf4 Qe6 25. Rxe4 fxe4 26. a4 h6 27. h4 Kh7 28.
Re1 Qg6 29. Qh3 Rxf4 0-1

[Event "*** Titled Tuesday Blitz"]
[Site "Chess.com"]
[Date "2020.05.12"]
[Round "6"]
[White "Milchone1"]
[Black "Bagirova"]
[Result "1-0"]
[WhiteElo "2480"]
[BlackElo "2184"]
[TimeControl "180+1"]
[EndTime "11:03:26 PDT"]
[Termination "Milchone1 won by resignation"]

1. Nf3 d5 2. c4 e6 3. g3 Nf6 4.
Bg2 Be7 5. O-O O-O 6. d4 c6 7. Qa4 Nbd7 8. Nc3 Nb6 9. Qc2 Nxc4 10. b3 Nd6 11. Ne5 Nd7 12. Nd3 f5 13. e3 b6 14. Bb2 c5 15. dxc5 bxc5 16. Nf4 Nf6 17. Rfd1 Bb7 18. Nxe6 Qe8 19. Nxf8 Qxf8 20. Nxd5 Nxd5 21.
Bxd5+ Bxd5 22. Rxd5 Ne4 23. Rad1 Qf7 24. Rd7 Ng5 25. Qc4 Ne6 26. Rb7 Re8 27. Rdd7 Kh8 28. Rxa7 f4 29. exf4 1-0

[Event "*** Titled Tuesday Blitz"]
[Site "Chess.com"]
[Date "2020.05.12"]
[Round "6"]
[White "ChelsieMonica"]
[Black "WonderChampion"]
[Result "1-0"]
[WhiteElo "2348"]
[BlackElo "1890"]
[TimeControl "180+1"]
[EndTime "11:03:31 PDT"]
[Termination "ChelsieMonica won by checkmate"]

1. c4 e6 2. Nf3 d5 3. e3 Nf6 4. Nc3 c5 5. d4 cxd4 6. exd4 dxc4 7. Bxc4 Nc6 8. O-O Nb4 9. Bg5 Be7 10. Bb5+ Bd7 11. Bxd7+ Qxd7 12. Ne5 Qd8 13. Bxf6 Bxf6 14. Qa4+ Nc6 15. Nxc6 bxc6 16. Qxc6+ Kf8 17. Rad1 g6 18. d5 e5 19. Ne4 Kg7 20. f4 Qb6+ 21.
Qxb6 axb6 22. Nxf6 Kxf6 23. fxe5+ Kxe5 24. Rxf7 Rxa2 25. d6 Rd8 26. Re7+ Kf6 27. h4 Ra5 28. g4 g5 29. Rf1+ Kg6 30. h5+ Kh6 31.
Rf6# 1-0

[Event "*** Titled Tuesday Blitz"]
[Site "Chess.com"]
[Date "2020.05.12"]
[Round "6"]
[White "LizaSolovyova"]
[Black "kirillshevchenko"]
[Result "0-1"]
[WhiteElo "2589"]
[BlackElo "2821"]
[TimeControl "180+1"]
[EndTime "11:03:39 PDT"]
[Termination "kirillshevchenko won by resignation"]

1. d4 Nf6 2. c4 g6 3. Nc3 Bg7 4. e3 d6 5. Nf3 O-O 6. Be2 Nbd7 7.
O-O e5 8. b3 Re8 9. Qc2 e4 10.
Nd2 Qe7 11. Ba3 c5 12. Rfd1 Nf8 13. b4 cxd4 14. exd4 Bf5 15. Qb3 e3 16. fxe3 Qxe3+ 17. Kh1 Ng4 18. Bxg4 Bxg4 19. Nd5 Qxb3 20. Nxb3 Bxd1 21.
Rxd1 Re2 22. b5 Ne6 23. h3 Rd8 24. c5 Rxa2 25. Ne7+ Kf8 0-1

[Event "*** Titled Tuesday Blitz"]
[Site "Chess.com"]
[Date "2020.05.12"]
[Round "6"]
[White "Mikedannnn"]
[Black "PavelShkapenko"]
[Result "0-1"]
[WhiteElo "2464"]
[BlackElo "2637"]
[TimeControl "180+1"]
[EndTime "11:03:39 PDT"]
[Termination "PavelShkapenko won by resignation"]

1. e4 e5 2. Nf3 Nc6 3. Bb5 Bc5 4. O-O d6 5. c3 Bd7 6. d4 Bb6 7. a4 a6 8. Bc4 Nf6 9. Re1 Bg4 10. h3 Bxf3 11.
Qxf3 exd4 12. Qg3 Ne5 13. Bb3 O-O 14. f4 dxc3+ 15. Kh2 cxb2 16. Bxb2 Nh5 17. Qg5 Qxg5 18.
fxg5 Nd3 0-1

[Event "*** Titled Tuesday Blitz"]
[Site "Chess.com"]
[Date "2020.05.12"]
[Round "6"]
[White "oneshot007"]
[Black "arminmusovic"]
[Result "1-0"]
[WhiteElo "2401"]
[BlackElo "2547"]
[TimeControl "180+1"]
[EndTime "11:03:42 PDT"]
[Termination "oneshot007 won on time"]

1. e4 c6 2. d4 d5 3. exd5 cxd5 4. c4 Nc6 5. cxd5 Qxd5 6. Nf3 e5 7. Nc3 Bb4 8. Bd2 Bxc3 9. Bxc3 e4 10. Ne5 Nxe5 11.
dxe5 Ne7 12. Qe2 1-0

[Event "*** Titled Tuesday Blitz"]
[Site "Chess.com"]
[Date "2020.05.12"]
[Round "6"]
[White "kingnb"]
[Black "DLR7"]
[Result "0-1"]
[WhiteElo "2483"]
[BlackElo "2711"]
[TimeControl "180+1"]
[EndTime "11:03:43 PDT"]
[Termination "DLR7 won by resignation"]

1. e4 c5 2. Nf3 Nc6 3. c3 d5 4. exd5 Qxd5 5. d4 Nf6 6. Na3 Bg4 7.
Be2 cxd4 8. Nb5 O-O-O 9. Nbxd4 e5 10. Nxc6 Qxc6 11. Qc2 Bc5 12. O-O Rhe8 13. a4 e4 14. Ne1 Qd5 15. b4 Bd6 16. Bxg4+ Nxg4 17. h3 Nh2 18.
Be3 Qc4 0-1

[Event "*** Titled Tuesday Blitz"]
[Site "Chess.com"]
[Date "2020.05.12"]
[Round "6"]
[White "H3nriqueTV"]
[Black "umngqusho"]
[Result "0-1"]
[WhiteElo "2180"]
[BlackElo "2450"]
[TimeControl "180+1"]
[EndTime "11:03:43 PDT"]
[Termination "umngqusho won by checkmate"]

1. e4 c5 2. Nf3 Nc6 3. g3 Nf6 4. d3 d5 5. exd5 Nxd5 6. Bg2 Bg4 7. O-O Qd7 8. c4 Ndb4 9. Nc3 Nxd3 10. Qb3 Bxf3 11.
Bxf3 O-O-O 12. Rd1 Nd4 13. Qa3 Nxf3+ 14. Kg2 Qc6 15.
Nd5 Nfe1+ 16. Kf1 e6 17. Ne3 Qh1+ 18. Ke2 Qf3+ 19. Kf1 Qxf2# 0-1

[Event "*** Titled Tuesday Blitz"]
[Site "Chess.com"]
[Date "2020.05.12"]
[Round "6"]
[White "Azoulas1"]
[Black "Shankovskyi"]
[Result "0-1"]
[WhiteElo "1910"]
[BlackElo "2524"]
[TimeControl "180+1"]
[EndTime "11:03:44 PDT"]
[Termination "Shankovskyi won by resignation"]

1. e4 e6 2. d4 d5 3. Nc3 Bb4 4. e5 c5 5. a3 Bxc3+ 6. bxc3 Ne7 7. Qg4 cxd4 8. cxd4 Qc7 9. Bd2 Qxc2 10. Rc1 Qe4+ 11. Qxe4 dxe4 12. Bb4 Bd7 13. Rc7 Kd8 14. Bd6 b6 15. Ne2 Nf5 16. g3 Na6 17. Rb7 Nxd6 18.
exd6 Kc8 19. Rxd7 Kxd7 20. Bg2 f5 21. Nf4 Kxd6 22. O-O Rac8 23. Rd1 Rc3 24. d5 e5 25.
Ne6 g6 26. g4 Rhc8 27. Bf1 Nc7 28. gxf5 gxf5 29. Bh3 Rxh3 30. Ng7 Rg8 31. Kg2 Rf3 0-1

[Event "*** Titled Tuesday Blitz"]
[Site "Chess.com"]
[Date "2020.05.12"]
[Round "6"]
[White "GM-2023"]
[Black "krasavetc"]
[Result "1-0"]
[WhiteElo "2092"]
[BlackElo "2283"]
[TimeControl "180+1"]
[EndTime "11:03:49 PDT"]
[Termination "GM-2023 won by resignation"]

1. e4 e6 2. d4 b6 3. Nc3 Bb7 4. Nf3 Nf6 5. Bd3 d5 6. Qe2 Nxe4 7. Nxe4 dxe4 8. Bxe4 Bxe4 9. Qxe4 Qd5 10. Qe2 Nc6 11. O-O O-O-O 12. Qa6+ Kb8 13. c4 Qh5 14. Be3 Bd6 15. a4 g5 16. c5 g4 17. cxd6 gxf3 18.
dxc7+ Kxc7 19. Bf4+ Rd6 20. Rfc1 Rb8 21. Rxc6+ Kxc6 22. Rc1+ Kd7 23. Qxa7+ Ke8 24. Qxb8+ Rd8 25. Rc8 Rxc8 26.
Qxc8+ Ke7 27. Qc7+ Ke8 28. Bd6 Qg5 29. Qc8+ Qd8 30. Qxd8+ Kxd8 31. gxf3 Kd7 32. Bb4 Kc6 1-0

[Event "*** Titled Tuesday Blitz"]
[Site "Chess.com"]
[Date "2020.05.12"]
[Round "6"]
[White "beto-betun"]
[Black "nicolochessit"]
[Result "0-1"]
[WhiteElo "2132"]
[BlackElo "2387"]
[TimeControl "180+1"]
[EndTime "11:03:55 PDT"]
[Termination "nicolochessit won on time"]

1. d4 Nf6 2. Nf3 e6 3. c4 Bb4+ 4. Bd2 a5 5. g3 O-O 6. Bg2 d5 7. a3 Be7 8. cxd5 exd5 9. O-O c6 10. Nc3 Bf5 11. Nh4 Bg6 12. Nxg6 hxg6 13. Bf4 Nbd7 14. e4 dxe4 15. Nxe4 Nxe4 16. Bxe4 Nf6 17. Bg2 Nd5 18.
Be3 Bf6 19. Qb3 b5 20. Rac1 Rc8 21. Rxc6 Rxc6 22. Bxd5 Rd6 23. Be4 Bxd4 24. Bxd4 Rxd4 25. Bxg6 a4 26. Qa2 b4 27. Bf5 b3 28. Qb1 Qf6 29. Bh7+ Kh8 30. Bd3 Rfd8 31. Bb5 Qf3 0-1

[Event "*** Titled Tuesday Blitz"]
[Site "Chess.com"]
[Date "2020.05.12"]
[Round "6"]
[White "TargetA"]
[Black "artooon"]
[Result "0-1"]
[WhiteElo "2571"]
[BlackElo "2734"]
[TimeControl "180+1"]
[EndTime "11:03:56 PDT"]
[Termination "artooon won by checkmate"]

1. d4 Nf6 2. c4 e6 3. Nc3 Bb4 4. e3 O-O 5. Nf3 d5 6. Qc2 c5 7.
Bd2 Nc6 8. Bd3 cxd4 9. exd4 dxc4 10. Bxc4 Nxd4 11. Nxd4 Qxd4 12. Be2 Qh4 13. O-O e5 14. g3 Qh3 15. Rfe1 Ng4 16. Bxg4 Bxg4 17. Qe4 Rad8 18. Bg5 f6 19. Qxb4 fxg5 20. Rxe5 Rxf2 21. Kxf2 Qxh2+ 22. Kf1 Bh3+ 23. Ke1 Qd2# 0-1

[Event "*** Titled Tuesday Blitz"]
[Site "Chess.com"]
[Date "2020.05.12"]
[Round "6"]
[White "AnthonyWirig"]
[Black "14Sokol88"]
[Result "1-0"]
[WhiteElo "2596"]
[BlackElo "2380"]
[TimeControl "180+1"]
[EndTime "11:04:02 PDT"]
[Termination "AnthonyWirig won by checkmate"]

1. d4 Nf6 2. Bg5 d5 3. Bxf6 gxf6 4. e3 c5 5. Nc3 Nc6 6. Qh5 cxd4 7. exd4 Nxd4 8. O-O-O e5 9. Nf3 Bc5 10. Nxe5 Be6 11.
Nd3 Bb6 12. Nf4 Ke7 13. Nfxd5+ Ke8 14. Rxd4 Bxd4 15. Bb5+ Kf8 16. Qh6+ Kg8 17. Rd1 Bxc3 18. Rd3 Be5 19. f4 Qxd5 20. Rg3+ Bg4 21. Rxg4# 1-0

[Event "*** Titled Tuesday Blitz"]
[Site "Chess.com"]
[Date "2020.05.12"]
[Round "6"]
[White "Tooweak2slow03"]
[Black "Loiacono_Antonio"]
[Result "1-0"]
[WhiteElo "2621"]
[BlackElo "2410"]
[TimeControl "180+1"]
[EndTime "11:04:03 PDT"]
[Termination "Tooweak2slow03 won by resignation"]

1. e4 c6 2. Nf3 d5 3. Nc3 dxe4 4. Nxe4 Nf6 5. Qe2 Nxe4 6. Qxe4 Qd5 7. Qf4 Qf5 8. Qe3 Qxc2 9. Bd3 Qa4 10. b3 Qa5 11. O-O Bg4 12. Bb2 Nd7 13. h3 Bxf3 14. Qxf3 e6 15. Qg3 Qxd2 16. Bd4 Qb4 17. Bb2 Qd2 18.
Rab1 Nf6 19. Rfd1 Qa5 20. Bc4 Nd5 21. Bxd5 cxd5 22. Rbc1 Qd8 23. Be5 f6 24. Bf4 g5 25.
Bxg5 fxg5 26. Qe5 Rg8 27. Qxe6+ Qe7 28. Qxg8 Rd8 29. Re1 1-0

[Event "*** Titled Tuesday Blitz"]
[Site "Chess.com"]
[Date "2020.05.12"]
[Round "6"]
[White "sopo-tereladze"]
[Black "Zmeeed63"]
[Result "1-0"]
[WhiteElo "2389"]
[BlackElo "2187"]
[TimeControl "180+1"]
[EndTime "11:04:03 PDT"]
[Termination "sopo-tereladze won by resignation"]

1. e4 Nc6 2. d4 d5 3. e5 Bf5 4.
g4 Be4 5. f3 Bg6 6. h4 h5 7. g5 e6 8. c3 Nge7 9. Be3 Nf5 10. Bf2 f6 11. f4 Be7 12. Nd2 Qd7 13. Qb3 O-O-O 14. Ngf3 Na5 15. Qb5 Qxb5 16. Bxb5 a6 17.
Be2 Nc6 18. b4 Na7 19. a4 Kd7 20. O-O-O a5 21. Kb2 axb4 22. c4 dxc4 23. Bxc4 Nc6 24. exf6 gxf6 25. Rhe1 Ng7 26. d5 exd5 27. Bxd5 Bd6 28.
gxf6 Nf5 29. Be6+ 1-0

[Event "*** Titled Tuesday Blitz"]
[Site "Chess.com"]
[Date "2020.05.12"]
[Round "6"]
[White "Khayala13"]
[Black "VladimirBugayev"]
[Result "1-0"]
[WhiteElo "2354"]
[BlackElo "2150"]
[TimeControl "180+1"]
[EndTime "11:04:05 PDT"]
[Termination "Khayala13 won by resignation"]

1. e4 c6 2. d4 d5 3. Nc3 dxe4 4. Nxe4 Bf5 5. Ng3 Bg6 6. N1e2 e6 7. Nf4 Bd6 8. Ngh5 Bxf4 9. Nxf4 Ne7 10. Nxg6 hxg6 11. c3 Qd5 12. Be3 Nd7 13. Qd2 O-O-O 14. c4 Qd6 15. O-O-O e5 16. Qa5 exd4 17. Rxd4 Qc7 18. Qxa7 Nf5 19. Bf4 Ne5 20. Qa8+ Qb8 21. Qxb8+ Kxb8 22. Bxe5+ 1-0

[Event "*** Titled Tuesday Blitz"]
[Site "Chess.com"]
[Date "2020.05.12"]
[Round "6"]
[White "Yashasd1995"]
[Black "SPEEDSKATER"]
[Result "0-1"]
[WhiteElo "2590"]
[BlackElo "2769"]
[TimeControl "180+1"]
[EndTime "11:04:07 PDT"]
[Termination "SPEEDSKATER won by resignation"]

1. b3 d5 2. Bb2 Bg4 3. d4 Nf6 4.
Nd2 e6 5. Ngf3 Nbd7 6. e3 Be7 7. Be2 O-O 8. O-O c6 9. c4 a5 10. a3 h6 11. Ne5 Bxe2 12. Qxe2 Nxe5 13. dxe5 Nd7 14.
f4 f5 15. exf6 Bxf6 16. Nf3 Bxb2 17. Qxb2 Nc5 18. Rad1 Qf6 19. Ne5 Nd7 20. cxd5 exd5 21. Nd3 Qxb2 22. Nxb2 Rfe8 23. Rfe1 Nc5 24. b4 axb4 25.
axb4 Ne4 26. Ra1 Kf7 27. Nd3 Ke7 28. Kf1 Kd6 29. Ke2 b6 30. Ne5 c5 31. bxc5+ bxc5 32. Kd3 Reb8 33. Rxa8 Rxa8 34. Re2 Ra3+ 35. Kc2 Ra2+ 36. Kd3 c4+ 0-1

[Event "*** Titled Tuesday Blitz"]
[Site "Chess.com"]
[Date "2020.05.12"]
[Round "6"]
[White "aNaartjieZA"]
[Black "mjray79"]
[Result "1-0"]
[WhiteElo "2607"]
[BlackElo "2273"]
[TimeControl "180+1"]
[EndTime "11:04:10 PDT"]
[Termination "aNaartjieZA won by resignation"]

1. e4 e5 2. Nf3 Nc6 3. Bc4 Bc5 4.
O-O Nf6 5. d3 O-O 6. c3 d5 7. exd5 Nxd5 8. Re1 Bg4 9. Nbd2 Nb6 10. h3 Bh5 11. Bb5 Bd6 12. Ne4 f5 13. Ng3 Bg6 14. Bxc6 bxc6 15. Nxe5 f4 16. Nxg6 hxg6 17. Ne4 f3 18. Nxd6 Qxd6 19. g3 Rae8 20. Rxe8 Rxe8 21. Qxf3 Re1+ 22. Kg2 Nd5 23. b3 Nxc3 24. Bf4 Qe6 25. Rxe1 Qxe1 26. Qxc6 Ne2 27. Qe4 Qg1+ 28. Kf3 Nc3 29. Qc4+ Kh7 30. Qxc3 1-0